 Dungeon Crawl Stone Soup version 0.17.1-2-g5865329 (webtiles) character file.

126 WarriorsX the Slasher (level 5, 0/41 HPs)
             Began as a Human Fighter on Feb 16, 2016.
             Was an Initiate of Nemelex Xobeh.
             Slain by Robin the killer bee (1 damage)
             ... on level 2 of the Dungeon.
             The game lasted 00:15:05 (1283 turns).

WarriorsX the Slasher (Human Fighter)               Turns: 1283, Time: 00:15:06

Health: 0/41       AC:  7    Str: 18    XL:     5   Next: 32%
Magic:  5/5        EV:  7    Int:  8    God:    Nemelex Xobeh [......]
Gold:   44         SH:  8    Dex:  8    Spells: 0 memorised, 4 levels left

rFire  . . .     SeeInvis .     a - +0 long sword
rCold  . . .     Clarity  .     b - +0 scale mail
rNeg   . . .     SustAt   .     c - +0 shield
rPois  .         Gourm    .     (no helmet)
rElec  .         Spirit   .     (no cloak)
rCorr  .         Warding  .     g - +0 pair of gloves
rMut   .         Stasis   .     (no boots)
MR     .....                    (no amulet)
Stlth  ..........               (no ring)
                                h - -4 ring of dexterity (curse)

@: lethally poisoned (0 -> -17), not resistant to hostile enchantments,
extremely unstealthy
A: no striking features
a: Renounce Religion


You were on level 2 of the Dungeon.
You worshipped Nemelex Xobeh.
Nemelex Xobeh was noncommittal.
You were near starving.

You visited 1 branch of the dungeon, and saw 2 of its levels.

You collected 44 gold pieces.

Inventory:

Hand Weapons
 a - a +0 long sword (weapon)
Armour
 b - a +0 scale mail (worn)
 c - a +0 shield (worn)
 f - a +0 robe
 g - a +0 pair of gloves (worn)
 l - a +0 ring mail of fire resistance
Jewellery
 h - a cursed -4 ring of dexterity (left hand)
Potions
 i - a potion of brilliance {unknown}
 j - a potion of magic {unknown}
Miscellaneous
 m - a plain deck of destruction {drawn: 2}
Comestibles
 d - a royal jelly
 e - 2 bread rations
 k - 2 fruits


   Skills:
 - Level 3.0 Fighting
 * Level 5.0 Long Blades
 - Level 3.1 Armour
 - Level 0.2 Stealth
 - Level 3.0 Shields


You had 4 spell levels left.
You didn't know any spells.

Dungeon Overview and Level Annotations

Branches:
Dungeon (2/15)

Altars:
Ashenzari
Kikubaaqudgha
Nemelex Xobeh
Xom
Yredelemnul

Annotations:
D:2 Robin


Message History

You are poisoned.
Robin poisons you! Robin stings you.
* * * LOW HITPOINT WARNING * * *
You are more poisoned.
Robin poisons you!
You miss Robin.
* * * LOW HITPOINT WARNING * * *
You feel sick. You block Robin's attack. Robin stings you.
* * * LOW HITPOINT WARNING * * *
You are more poisoned.
Robin poisons you! The hobgoblin hits you with a club.
* * * LOW HITPOINT WARNING * * *
Robin stings you.
* * * LOW HITPOINT WARNING * * *
You are more poisoned.
Robin poisons you!
* * * LOW HITPOINT WARNING * * *
You feel sick. Robin stings you.
You die...
Your body disappears without a glow.

#################
##≈≈.y#...#......#
#≈≈≈@g)...'......#
##≈≈≈..#...#......# ##
#≈≈#########..##''# .#
##≈≈#..........#...# .#
#...'..........#g..# .#
#...'.)........#.g.#
)##########.(('((....†...#.gg#
...(....))†.≈≈#.......)..#...#
.#######.###≈≈#########..#gg.#


You could see Robin the killer bee and a hobgoblin.

Vanquished Creatures
  Ijyb (D:2)
  3 adders (D:2)
  A giant gecko (D:2)
  2 bats
  3 giant cockroaches
  18 goblins
  8 hobgoblins
  7 jackals
  10 kobolds
  2 ball pythons
  3 giant newts (D:1)
  6 rats
64 creatures vanquished.

Notes
Turn   | Place    | Note
--------------------------------------------------------------
     0 | D:1      | WarriorsX the Human Fighter began the quest for the Orb.
     0 | D:1      | Reached XP level 1. HP: 18/18 MP: 1/1
    73 | D:1      | Reached XP level 2. HP: 12/24 MP: 2/2
   302 | D:1      | Reached XP level 3. HP: 25/29 MP: 3/3
   467 | D:2      | Noticed Ijyb
   486 | D:2      | Killed Ijyb
   486 | D:2      | Reached XP level 4. HP: 33/35 MP: 4/4
   510 | D:2      | Reached skill level 4 in Long Blades
   888 | D:2      | Found a shattered altar of Ashenzari.
   890 | D:2      | Found a basalt altar of Yredelemnul.
   890 | D:2      | Found a sparkling altar of Nemelex Xobeh.
   892 | D:2      | Found an ancient bone altar of Kikubaaqudgha.
   906 | D:2      | Found a shimmering altar of Xom.
   916 | D:2      | Reached XP level 5. HP: 32/41 MP: 5/5
   932 | D:2      | Became a worshipper of Nemelex Xobeh the Trickster
  1172 | D:2      | Received a gift from Nemelex Xobeh
  1234 | D:2      | Noticed Robin
  1275 | D:2      | Reached skill level 5 in Long Blades
  1280 | D:2      | Noticed Robin
  1280 | D:2      | Robin changed into Robin the killer bee
  1282 | D:2      | HP: 2/41 [Robin the killer bee (3)]
  1283 | D:2      | Slain by Robin the killer bee

Action                   |  1- 3 |  4- 6 || total
-------------------------+-------+-------++-------
Melee: Long sword        |    94 |   145 ||   239
Evoke: Deck              |       |     2 ||     2
  Use: Scroll            |       |     1 ||     1
       Potion            |       |     1 ||     1
